 Dungeon Crawl Stone Soup version 0.23-a0-241-g3b46b07 (webtiles) character file.

11 Amnesiac the Gusty (level 2, -3/19 HPs)
             Began as a Mummy Air Elementalist on Sept 27, 2018.
             Slain by a kobold
             ... wielding a +0 short sword
              (5 damage)
             ... on level 1 of the Dungeon.
             The game lasted 00:01:48 (318 turns).

Amnesiac the Gusty (Mummy Air Elementalist)          Turns: 318, Time: 00:01:48

Health: -3/19      AC:  2    Str: 11    XL:     2   Next: 13%
Magic:  1/5        EV: 12    Int: 14    God:
Gold:   0          SH:  0    Dex: 12    Spells: 5/6 levels left

rFire    x . .     SeeInvis .   (no weapon)
rCold    + . .     Gourm    .   (no shield)
rNeg     + + +     Faith    .   a - +0 robe
rPois    ∞         Spirit   .   (no helmet)
rElec    .         Reflect  .   (no cloak)
rCorr    .         Harm     .   (no gloves)
MR       .....                  (no boots)
Stlth    ++........             (no amulet)
HPRegen  0.06/turn              (no ring)
MPRegen  0.09/turn              (no ring)

@: no status effects
A: no food or potions, fire vulnerability, cold resistance 1, negative energy
resistance 3, torment resistance, unbreathing
a: no special abilities


You were on level 1 of the Dungeon.
You were not hungry.

You visited 1 branch of the dungeon, and saw 1 of its levels.

Inventory:

Missiles
 c - 5 needles of paralysis
Armour
 a - a +0 robe (worn)
 b - a cursed +0 ring mail


   Skills:
 - Level 1.5 Dodging
 - Level 1.5 Stealth
 + Level 2.9 Spellcasting
 - Level 0.7 Conjurations
 * Level 2.9 Air Magic


You had 5 spell levels left.
You knew the following spells:

 Your Spells              Type           Power        Failure   Level  Hunger
a - Shock                 Conj/Air       #...         11%         1    N/A

Your spell library contained the following spells:

 Spells                   Type           Power        Failure   Level  Hunger
 Swiftness                Chrm/Air       #.......     19%         2    N/A
 Static Discharge         Conj/Air       #.......     30%         3    N/A
 Airstrike                Air            ##........   54%         4    N/A
 Lightning Bolt           Conj/Air       #.........   96%         5    N/A

Dungeon Overview and Level Annotations

Branches:
Dungeon (1/15)

Altars:


Innate Abilities, Weirdness & Mutations

You do not eat or drink.
Your flesh is vulnerable to fire.
You are immune to poison.
Your flesh is cold resistant. (rC+)
You are immune to negative energy. (rN+++)
You are immune to unholy pain and torment.
You can survive without breathing.


Message History

The bat closely misses you. The bat hits you but does no damage.
The bat misses you. The bat closely misses you.
The frilled lizard hisses.
Your magical contamination has completely faded away.
The bat hits you but does no damage.
You enter the shallow water.
Moving in this stuff is going to be slow.
The bat hits you.
* * * LOW HITPOINT WARNING * * *
The bat hits you.
* * * LOW HITPOINT WARNING * * *
The bat barely misses you. The bat hits you.
* * * LOW HITPOINT WARNING * * *
Found 12 gold pieces.
The bat barely misses you. The bat misses you. The bat misses you.
The bat barely misses you. x2
Casting: Shock (safe; 11% risk of failure)
Confirm with . or Enter, or press ? or * to list all spells.
Aiming: Shock (safe; 11% risk of failure)
Press: ? - help, Shift-Dir - straight line, f - bat
Aim: a bat The zap hits the bat.
The bat is severely wounded.
The zap hits the bat.
You kill the bat!
Unknown command.
Casting: Shock (safe; 11% risk of failure)
Confirm with . or Enter, or press ? or * to list all spells.
Aiming: Shock (safe; 11% risk of failure)
Press: ? - help, Shift-Dir - straight line, f - frilled lizard
Aim: a frilled lizard The zap hits the frilled lizard.
The frilled lizard is heavily wounded.
The zap hits the frilled lizard.
You kill the frilled lizard!
Unknown command.
You see here 12 gold pieces.
A bat comes into view.
A goblin comes into view. It is wielding a club.
The giant cockroach bites you but does no damage.
Casting: Shock (safe; 11% risk of failure)
Confirm with . or Enter, or press ? or * to list all spells.
Aiming: Shock (safe; 11% risk of failure)
Press: ? - help, Shift-Dir - straight line, f - giant cockroach
Aim: a giant cockroach (clinging)
The zap hits the giant cockroach.
You kill the giant cockroach!
The goblin closely misses you.
Unknown command.
The goblin barely misses you.
You see here a giant cockroach corpse.
You aren't carrying any scrolls.
The goblin hits you with a club.
* * * LOW HITPOINT WARNING * * *
The goblin barely misses you. The kobold closely misses you.
The hobgoblin hits you with a club.
* * * LOW HITPOINT WARNING * * *
The kobold barely misses you. The kobold hits you with a short sword.
You die...

#.# ...≈≈
#.## #.†#
##.# #g# #K#
#$# ######K#
#.@.##.#
#gKK##.#
#.g.##.#
#.g.†..#
#...##......b
#...##.###...
######.# #
#.# #.#


You could see 2 hobgoblins, a goblin and 2 kobolds.

Vanquished Creatures
  A leopard gecko (D:1)
  3 giant cockroaches (D:1)
  A hobgoblin (D:1)
  2 bats (D:1)
  A frilled lizard (D:1)
  2 rats (D:1)
10 creatures vanquished.

Notes
Turn   | Place    | Note
-------+----------+-------------------------------------------
     0 | D:1      | Amnesiac the Mummy Air Elementalist began the quest for the
                  | Orb.
     0 | D:1      | Reached XP level 1. HP: 13/13 MP: 4/4
   274 | D:1      | Reached XP level 2. HP: 8/19 MP: 0/5
   318 | D:1      | Slain by a kobold

Vault maps used:
D:1:      onia_arrival_mini_maze_b, minivault_14, lemuel_another_geyser

Action                   || total
-------------------------++-------
 Cast: Shock             ||    18
Armor: Robe              ||    11
Dodge: Dodged            ||    39

Table legend:
 A = Non-vault XP
 B = Vault XP
 C = Vault XP percentage of total XP
 D = Non-vault monster count
 E = Vault monster count
 F = Vault count percentage of total count
                 A         B        C        D         E       F
            +---------+---------+-------+---------+---------+-------
      Total |      16 |       0 |   0.0 |      10 |       0 |   0.0
            +---------+---------+-------+---------+---------+-------
        D:1 |      16 |       0 |   0.0 |      10 |       0 |   0.0
            +---------+---------+-------+---------+---------+-------
